 Dungeon Crawl Stone Soup version 0.18-a0-844-g9229740 (webtiles) character file.

175 Raultor the Skirmisher (level 5, 0/41 HPs)
             Began as a Demonspawn Fighter on Dec 19, 2015.
             Succumbed to Ijyb's poison
             ... on level 3 of the Dungeon.
             The game lasted 00:08:12 (2313 turns).

Raultor the Skirmisher (Demonspawn Fighter)         Turns: 2313, Time: 00:08:13

Health: 0/41       AC: 16    Str: 17      XL:     5   Next: 29%
Magic:  5/5        EV: 13    Int:  7 (9)  God:
Gold:   191        SH:  9    Dex: 16      Spells: 0 memorised, 4 levels left

rFire  . . .     SeeInvis .     a - +0 flail
rCold  . . .     Gourm    .     b - +0 scale mail
rNeg   . . .     Faith    .     c - +0 shield
rPois  .         Spirit   .     (no helmet)
rElec  .         Dismiss  .     l - +1 cloak
rCorr  +         Reflect  .     (no gloves)
SustAt .         Harm     .     (no boots)
MR     .....                    n - amulet of resist corrosion {rCorr, !d}
Stlth  +.........               (no ring)
                                (no ring)

@: agile, lethally poisoned (0 -> -3), not resistant to hostile enchantments,
very unstealthy
A: rough black scales 2
a: no special abilities


You were on level 3 of the Dungeon.
You were not hungry.

You visited 1 branch of the dungeon, and saw 3 of its levels.

You collected 191 gold pieces.

Inventory:

Hand Weapons
 a - a +0 flail (weapon)
Missiles
 k - a throwing net {=f, !d}
Armour
 b - a +0 scale mail (worn)
 c - a +0 shield (worn)
 l - a +1 cloak (worn)
   (You found it on level 2 of the Dungeon)
Jewellery
 n - an amulet of resist corrosion (around neck) {rCorr, !d}
   (You found it on level 3 of the Dungeon)
Wands
 v - a wand of lightning (8)
   (You found it on level 3 of the Dungeon)
Scrolls
 e - 3 scrolls of identify
 q - a scroll of immolation {!r}
Potions
 d - 3 potions of might
 h - a potion of cure mutation {!q}
 x - a potion of agility
Comestibles
 f - 3 bread rations {@e1}
 i - 2 meat rations {@e2}
 j - a beef jerky
 r - a royal jelly
 t - 2 chunks of flesh {@w0}


   Skills:
 + Level 3.6 Fighting
 * Level 3.3 Maces & Flails
 + Level 3.3 Armour
 + Level 1.5 Dodging
 + Level 3.2 Shields


You had 4 spell levels left.
You didn't know any spells.

Dungeon Overview and Level Annotations

Branches:
Dungeon (3/15)

Altars:
Elyvilon
Okawaru
Ru
Trog
The Shining One


Innate Abilities, Weirdness & Mutations

You are mostly covered in rough black scales (AC +7, Dex -2).


Message History

* * * LOW HITPOINT WARNING * * *
You feel sick. The goblin misses you. You block Ijyb's attack.
The goblin hits you with an uncursed whip.
* * * LOW HITPOINT WARNING * * *
You take 3 damage, and have 9/41 hp.
You hit Ijyb.
You kill Ijyb!
* * * LOW HITPOINT WARNING * * *
You feel very sick. The goblin hits you but does no damage.
You block the goblin's attack. The goblin hits you but does no damage.
You take 3 damage, and have 6/41 hp.
Drink which item? (? for menu, Esc to quit)
You feel much better.
You feel sick. The goblin barely misses you. You block the goblin's attack.
You regained 13 hp, and now have 19/41 hp.
You feel sick.
The goblin unwields an uncursed whip.
The goblin wields an uncursed hunting sling.
The goblin shoots a stone.
You block the stone.
You see here a stone.
You take 1 damage, and have 18/41 hp.
You closely miss the goblin.
You feel sick. You block the goblin's attack.
The goblin shoots a stone.
The stone barely misses you.
You take 2 damage, and have 16/41 hp.
You closely miss the goblin.
You feel sick. The goblin hits you but does no damage.
You take 2 damage, and have 14/41 hp.
You barely miss the goblin.
* * * LOW HITPOINT WARNING * * *
You feel sick. The goblin hits you but does no damage.
The goblin unwields an uncursed hunting sling.
The goblin wields an uncursed whip.
The goblin hits you but does no damage. The goblin closely misses you.
You take 2 damage, and have 12/41 hp.
You barely miss the goblin.
* * * LOW HITPOINT WARNING * * *
You feel sick. You block the goblin's attack. The goblin misses you.
The goblin hits you but does no damage.
You take 2 damage, and have 10/41 hp.
You hit the goblin.
* * * LOW HITPOINT WARNING * * *
You feel sick. You block the goblin's attack.
The goblin hits you but does no damage.
You take 1 damage, and have 9/41 hp.
You sock the goblin!
You kill the goblin!
* * * LOW HITPOINT WARNING * * *
You feel sick. The goblin completely misses you.
You take 1 damage, and have 8/41 hp.
You hit the goblin.
You kill the goblin!
* * * LOW HITPOINT WARNING * * *
You feel sick.
You take 1 damage, and have 7/41 hp.
Drink which item? (? for menu, Esc to quit)
Okay, then.
Read which item? (? for menu, Esc to quit)
As you read the scroll labeled ECKAONGEQO, it crumbles to dust.
You feel strangely unstable.
It was a scroll of teleportation.
* * * LOW HITPOINT WARNING * * *
You feel sick.
You take 1 damage, and have 6/41 hp.
Read which item? (? for menu, Esc to quit)
As you read the scroll labeled IRUIX GENTOI, it crumbles to dust.
The dust glows shimmering leaf green!
It was a scroll of random uselessness.
Read which item? (? for menu, Esc to quit)
As you read the scroll labeled LIJOEKLONI, it crumbles to dust.
You feel blessed for a moment.
It was a scroll of remove curse.
Your surroundings suddenly seem different.
* * * LOW HITPOINT WARNING * * *
You feel sick.
You take 1 damage, and have 5/41 hp.
Read which item? (? for menu, Esc to quit)
As you read the scroll labeled MEUQAM SOKYPNO, it crumbles to dust.
It is a scroll of identify.
Identify which item? (\ to view known items) (? for menu, Esc to quit)
q - a scroll of immolation
* * * LOW HITPOINT WARNING * * *
You feel sick.
You take 1 damage, and have 4/41 hp.
Read which item? (? for menu, Esc to quit)
As you read the scroll labeled OXEFUE GATOLA, it crumbles to dust.
It is a scroll of enchant armour.
Enchant which item? (? for menu, Esc to quit)
Your +0 cloak glows green for a moment.
* * * LOW HITPOINT WARNING * * *
You feel sick.
You take 1 damage, and have 3/41 hp.
There is a lethal amount of poison in your body!
* * * LOW HITPOINT WARNING * * *
You feel sick.
You take 1 damage, and have 3/41 hp.
* * * LOW HITPOINT WARNING * * *
You feel sick.
You take 1 damage, and have 2/41 hp.
* * * LOW HITPOINT WARNING * * *
You feel sick.
You take 1 damage, and have 1/41 hp.
You die...

#######......
#............
#............
#............
####............
#.......†.......
########.(.......#.....
#.....@'.........+.....
#....###.........#.....
#>.....................
##.....................
#...................##
###....#########....#
#..).# #....# #....#
#....#


There were no monsters in sight!

Vanquished Creatures
  An orc wizard (D:3)
  Ijyb (D:3)
  An adder (D:3)
  An ooze (D:2)
  6 worms
  3 giant geckos
  5 orcs (D:3)
  A ball python (D:3)
  9 bats
  4 giant cockroaches
  14 goblins
  9 hobgoblins
  14 jackals (D:3)
  3 giant newts
  5 kobolds
  6 rats
83 creatures vanquished.

Notes
Turn   | Place    | Note
--------------------------------------------------------------
     0 | D:1      | Raultor the Demonspawn Fighter began the quest for the Orb.
     0 | D:1      | Reached XP level 1. HP: 18/18 MP: 1/1
    88 | D:1      | Reached skill level 2 in Maces & Flails
   164 | D:1      | Gained mutation: You are partially covered in rough black scales (AC +4, Dex -1). [demonic ancestry]
   164 | D:1      | Reached XP level 2. HP: 22/24 MP: 2/2
   816 | D:1      | Reached XP level 3. HP: 29/29 MP: 3/3
  1017 | D:2      | Reached skill level 3 in Armour
  1135 | D:2      | Found a glowing golden altar of the Shining One.
  1233 | D:2      | Found a white marble altar of Elyvilon.
  1288 | D:2      | Found a sacrificial altar of Ru.
  1422 | D:2      | Found an iron altar of Okawaru.
  1422 | D:2      | Found a bloodstained altar of Trog.
  1505 | D:3      | Reached skill level 1 in Dodging
  1631 | D:3      | Reached skill level 3 in Shields
  1634 | D:3      | Reached XP level 4. HP: 35/35 MP: 4/4
  1858 | D:3      | Reached skill level 3 in Maces & Flails
  1862 | D:3      | Found a glowing golden altar of the Shining One.
  2078 | D:3      | Gained mutation: You are mostly covered in rough black scales (AC +7, Dex -2). [demonic ancestry]
  2078 | D:3      | Reached XP level 5. HP: 38/41 MP: 5/5
  2263 | D:3      | Noticed Ijyb
  2290 | D:3      | HP: 10/41 [poisoned by Ijyb]
  2291 | D:3      | Killed Ijyb
  2297 | D:3      | HP: 10/41 [poisoned by Ijyb]
  2303 | D:3      | HP: 5/41 [poisoned by Ijyb]
  2308 | D:3      | HP: 2/41 [poisoned by Ijyb]
  2313 | D:3      | Succumbed to Ijyb's poison

Vault maps used:
D:1:      sevenhm_arrival_forest_fort_large_2, minivault_24
D:2:      gammafunk_temple_overflow_wave, tso_oasis_becter,
          nicolae_overflow_crystal_walls, lemuel_round_altar,
          minmay_misc_feat_tower, minmay_stone_trees_small, grunt_ministairs_3
D:3:      kennysheep_goblin_castle, nicolae_tso_carved_into_rock

Action                   |  1- 3 |  4- 6 || total
-------------------------+-------+-------++-------
Melee: Flail             |   188 |   134 ||   322
  Use: Potion            |       |     6 ||     6
       Scroll            |       |     5 ||     5
  Eat: Chunk             |     3 |     2 ||     5

Vault maps used:
D:1:      sevenhm_arrival_forest_fort_large_2, minivault_24
D:2:      gammafunk_temple_overflow_wave, tso_oasis_becter,
          nicolae_overflow_crystal_walls, lemuel_round_altar,
          minmay_misc_feat_tower, minmay_stone_trees_small, grunt_ministairs_3
D:3:      kennysheep_goblin_castle, nicolae_tso_carved_into_rock

Table legend:
 A = Turns spent in this place as a percentage of turns spent in the entire game.
 B = Non-inter-level travel turns spent in this place as a percentage of non-inter-level travel turns spent in the entire game.
 C = Inter-level travel turns spent in this place as a percentage of turns spent in this place.
 D = Turns resting spent in this place as a percentage of non-inter-level travel turns spent in this place.
 E = Turns spent auto-exploring this place as a percentage of non-inter-level travel turns spent in this place.
 F = Non-inter-level travel turns spent in this place divided by the number of levels of this place that you've seen.
                   A       B       C       D       E      F
               +-------+-------+-------+-------+-------+----------------------
         Total | 100.0 | 100.0 |   0.3 |   0.5 |  12.6 | 261.7
       Dungeon | 100.0 | 100.0 |   0.3 |   0.5 |  12.6 | 261.7
               +-------+-------+-------+-------+-------+----------------------

Table legend:
 A = Kills in this place as a percentage of kills in entire the game.
 B = Kills by you in this place as a percentage of kills by you in the entire game.
 C = Kills by friends in this place as a percentage of kills by friends in the entire game.
 D = Other kills in this place as a percentage of other kills in the entire game.
 E = Experience gained in this place as a percentage of experience gained in the entire game.
 F = Experience gained in this place divided by the number of levels of this place that you have seen.
                   A       B       C       D       E      F
               +-------+-------+-------+-------+-------+----------------------
         Total | 100.0 | 100.0 |  -nan |  -nan | 100.0 |  83.3
       Dungeon | 100.0 | 100.0 |  -nan |  -nan | 100.0 |  83.3
               +-------+-------+-------+-------+-------+----------------------
